 Dungeon Crawl Stone Soup version 0.31.0-32-g396128a36d (webtiles) character file.

Game seed: 3465531085261432743

23946 spaghetti the Reanimator (level 12, -2/67 HPs)
             Began as a Felid Summoner on Mar 8, 2024.
             Was an Initiate of Gozag.
             Shot with an arrow by a centaur warrior (23 damage)
             ... on level 12 of the Dungeon.
             The game lasted 01:02:09 (26140 turns).

spaghetti the Reanimator (Felid Summoner)          Turns: 26140, Time: 01:02:10

Health: -2/67      AC:  3    Str:  3    XL:     12   Next: 76%
Magic:  17/26      EV: 26    Int: 27    God:    Gozag
Gold:   914        SH:  0    Dex: 23    Spells: 2/29 levels left
                                        Lives:  0   Deaths: 2

rFire   . . .        (weapon unavailable)
rCold   + . .        (shield unavailable)
rNeg    . . .        (body armour unavailable)
rPois   .            (helmet unavailable)
rElec   .            (cloak unavailable)
rCorr   +            (gloves unavailable)
SInv    +            (boots unavailable)
Will    +....        r - amulet of faith
Stlth   +++++        l - +6 ring of dexterity
HPRegen 0.31/turn    h - ring of resist corrosion
MPRegen 0.20/turn

%: faith
@: unable to call your familiar
A: very small, claws 1, fangs 3, see invisible, shaggy fur 3, stealthy paws, no
weapons or thrown items, no armour, multi-lived, clever 1
a: Renounce Religion, Potion Petition, Call Merchant, Bribe Branch


You were on level 12 of the Dungeon.
You worshipped Gozag.
Gozag was pleased with you.
You visited 3 branches of the dungeon, and saw 17 of its levels.

You collected 1278 gold pieces.
You paid 364 gold pieces to Gozag.

Inventory:

Jewellery
 e - a ring of ice
 h - a ring of resist corrosion (right paw)
 l - a +6 ring of dexterity (left paw)
 o - a ring of protection from fire
 r - an amulet of faith (around neck)
 s - a ring of positive energy
 v - an amulet of magic regeneration
 E - a +6 ring of strength
 G - a ring of fire
 J - a ring of protection from fire
Wands
 b - a wand of digging (7)
 c - a wand of roots (13)
 p - a wand of flame (48)
 A - a wand of charming (1)
 F - a wand of mindburst (9)
 I - a wand of polymorph (6)
Scrolls
 d - 2 scrolls of poison
 f - a scroll of silence
 g - 3 scrolls of teleportation
 i - 4 scrolls of vulnerability
 j - 2 scrolls of amnesia
 k - a scroll of torment
 u - a scroll of revelation
 x - 2 scrolls of enchant armour
 y - a scroll of fog
 H - a scroll of enchant weapon
Potions
 a - a potion of magic
 m - 5 potions of ambrosia
 n - a potion of mutation
 q - a potion of heal wounds
 t - 5 potions of degeneration
 w - 3 potions of attraction
 z - 3 potions of enlightenment
 B - 2 potions of lignification
 C - 3 potions of curing
 D - a potion of haste


   Skills:
 - Level 10.0 Fighting
 - Level 10.0 Dodging
 - Level 10.0 Stealth
 + Level 9.4 Spellcasting
 + Level 7.8 Summonings
 + Level 10.4 Necromancy
 - Level 5.0 Air Magic


You had 2 spell levels left.
You knew the following spells:

 Your Spells              Type           Power      Damage    Failure   Level
a - Summon Small Mammal   Summ           100%       N/A       1%          1
b - Call Imp              Summ           100%       N/A       1%          2
c - Call Canine Familiar  Summ           53%        N/A       1%          3
d - Haunt                 Necr/Summ      29%        N/A       65%         7
e - Summon Lightning Spi  Summ/Air       47%        N/A       3%          4
f - Anguish               Hex/Necr       20%        N/A       5%          4
g - Death Channel         Necr           31%        N/A       10%         6

Your spell library contained the following spells:

 Spells                   Type           Power      Damage    Failure   Level
 Kiss of Death            Conj/Necr      100%       2d13      1%          1
 Necrotise                Necr           100%       1d9       1%          1
 Cigotuvi's Dreadful Rot  Necr/Alch/Air  80%        N/A       1%          2
 Foxfire                  Conj/Fire      48%        2x1d6     4%          1
 Freeze                   Ice            48%        1d6       4%          1
 Magic Dart               Conj           48%        1d5       4%          1
 Ensorcelled Hibernation  Hex/Ice        24%        N/A       7%          2
 Searing Ray              Conj           24%        2d5       7%          2
 Swiftness                Air            39%        N/A       1%          3
 Curse of Agony           Necr           62%        N/A       1%          5
 Mephitic Cloud           Conj/Alch/Air  21%        N/A       7%          3
 Summon Blazeheart Golem  Fire/Summ      33%        N/A       9%          4
 Dazzling Flash           Conj/Hex       24%        N/A       14%         3
 Frozen Ramparts          Ice            24%        1d4       14%         3
 Hailstorm                Conj/Ice       12%        3d6       14%         3
 Passwall                 Erth           12%        N/A       14%         3
 Stone Arrow              Conj/Erth      24%        3d8       14%         3
 Borgnjor's Vile Clutch   Necr/Erth      20%        N/A       14%         5
 Vhi's Electric Charge    Tloc/Air       52%        N/A       16%         4
 Brom's Barrelling Bould  Conj/Erth      12%        2d4       41%         4
 Cause Fear               Hex            6%         N/A       41%         4
 Fulminant Prism          Conj/Alch      6%         3d7       41%         4
 Arcjolt                  Conj/Air       13%        1d23      41%         5
 Silence                  Hex/Air        13%        N/A       41%         5
 Fireball                 Conj/Fire      6%         3d5       77%         5
 Iskenderun's Battlesphe  Conj           12%        2d7       77%         5
 Conjure Ball Lightning   Conj/Air       13%        3x3d6     94%         6
 Plasma Beam              Fire/Air       13%        2x1d24    94%         6
 Infestation              Necr           31%        N/A       99%         8
 Bombard                  Conj/Erth      6%         9d2       100%        6
 Starburst                Conj/Fire      6%         6d4       100%        6
 Orb of Destruction       Conj           6%         9d6       100%        7
 Lehudib's Crystal Spear  Conj/Erth      6%         10d3      100%        8
 Dragon's Call            Summ           26%        N/A       100%        9
 Animate Dead             Necr           Unusable   N/A       N/A         4
 Animate Armour           Summ/Erth      Unusable   N/A       N/A         4

Dungeon Overview and Level Annotations

Branches:
Dungeon (12/15)            Temple (1/1) D:6            Lair (4/5) D:8
 Shoals (0/4) Lair:2       Spider (0/4) Lair:2          Orc (0/2) D:11
  Slime: Lair:4-5

Altars:
Ashenzari
Cheibriados
Dithmenos
Elyvilon
Fedhas
Gozag
Hepliaklqana
Kikubaaqudgha
Makhleb
Nemelex Xobeh
Okawaru
Qazlal
Ru
Sif Muna
Trog
Uskayaw
Vehumet
Wu Jian
Xom
Yredelemnul
Zin
The Shining One

Shops:
D:2 [   D:3 *   D:7 ?

Annotations:
D:3 Terence
D:12 scary!, Sonja
Lair:1 1 runed translucent door, Gupteb's ghost, journeyman NaSh
Lair:3 1 exclusion


Innate Abilities, Weirdness & Mutations

You have sharp claws.
You have razor-sharp teeth.
You have supernaturally acute eyesight. (SInv)
Your thick and shaggy fur keeps you warm. (AC +3, rC+)
Your paws help you pounce on unaware monsters.
You are incapable of wielding weapons or throwing items.
You cannot wear armour.
You gain extra lives every three experience levels.
Your mind is acute. (Int +4, Str/Dex -1)


Message History

r - Retreat! s - Stop attacking. g - Guard the area. f - Follow me.
Anything else - Cancel.
Gang up on whom?
Press: ? - help, Dir - move target, f/p - centaur warrior
Aim: a centaur warrior, wielding a +0 orcbow Attack!
The centaur warrior shoots an arrow.
The arrow hits your inugami!
Press: ? - help, v - describe, . - travel
Here: a centaur warrior, wielding a +0 orcbow (ally target)
The floor.
Casting: Anguish (dangerous; 5% risk of failure)
Confirm with . or Enter, or press ? or * to list all spells.
A tiny devil pulls itself out of the air.
The centaur warrior shoots an arrow.
The arrow hits your inugami!!
Your inugami dies!
Your inugami disappears in a puff of smoke!
The centaur warrior shoots an arrow.
The arrow hits you!
Casting: Call Imp (safe; 1% risk of failure)
Confirm with . or Enter, or press ? or * to list all spells.
The centaur warrior shoots an arrow.
The arrow completely misses you.
The centaur warrior shoots an arrow.
The arrow misses you.
Press: ? - help, v - describe, . - travel
Here: a centaur warrior, wielding a +0 orcbow (ally target)
The floor.
Casting: Summon Small Mammal (safe; 1% risk of failure)
Confirm with . or Enter, or press ? or * to list all spells.
Casting: Anguish (dangerous; 5% risk of failure)
Press: ? - help, Dir - look around, f - activate The centaur warrior is haunted by guilt!
The centaur warrior shoots an arrow.
The arrow closely misses your cerulean imp.
The arrow hits you!!
The centaur warrior is wracked by anguish!!
Your cerulean imp closely misses the centaur warrior.
Your cerulean imp barely misses the centaur warrior.
The centaur warrior shoots an arrow.
The arrow closely misses your cerulean imp.
The arrow hits you!!
You die...
Your body crumbles into a pile of gold.

#..##..###...............# #.##
#..##...............##...#####.##
#..##....c....<.....##.........##
#?.##.....5...[.....##.........##
#..##..###..........##.<#####..##
#..# #..........##..# #..##
#..r.......##..# #....
#..........##..# #....
#......@...##..# #..##
#..#####...##.. #..## #.. #...#
#..## #.. #...# ..# #..## #..
#...##..### #..## #...##.>..
...## # #...##... ...##
#..#####...##..# #..#
#..............# #..#


You could see a centaur warrior (ally target, anguished), a friendly cerulean
imp (summoned) and a friendly quokka (summoned).

Vanquished Creatures
  A hydra (Lair:3)
  A cane toad (Lair:1)
  A komodo dragon (Lair:1)
  An unseen horror (D:7)
  A polar bear (D:8)
  A yak (Lair:1)
  A water moccasin (Lair:3)
  Duvessa (D:6)
  A sky beast (D:7)
  A bullfrog (Lair:1)
  2 orc wizards (D:7)
  An adder (D:3)
  A gnoll (D:5)
  A dart slug (D:1)
  An orc (D:7)
  A ball python (D:2)
  A giant cockroach (D:1)
  A hobgoblin (D:3)
  A bat (D:1)
  A frilled lizard (D:2)
  2 rats (D:3)
23 creatures vanquished.

Vanquished Creatures (collateral kills)
  A catoblepas (Lair:2)
  A boulder beetle (D:11)
  4 two-headed ogres
  A cyclops (D:11)
  A black mamba (Lair:1)
  Joseph (D:9)
  6 cane toads
  A rime drake (Lair:1)
  Jeremiah (D:7)
  A komodo dragon (Lair:2)
  3 trolls
  A polar bear (Lair:1)
  Prince Ribbit (D:8)
  2 hornets
  4 nameless horrors
  4 culicivoras (Lair:2)
  3 shadows
  3 wyverns
  A wraith (D:11)
  26 yaks
  3 basilisks
  2 vampire mosquitoes (D:12)
  A redback (Lair:2)
  2 steam dragons
  13 water moccasins
  4 acid dragons
  4 orc warriors
  2 ice beasts (D:7)
  5 black bears
  2 ogres (D:6)
  8 wolves
  6 centaurs
  A phantom (D:4)
  2 kobold brigands (D:6)
  A weeping skull (D:12)
  6 bullfrogs
  2 scorpions
  A water moccasin zombie (D:4)
  9 wights
  Dowan (D:6)
  8 killer bees
  An electric eel (Lair:3)
  3 howler monkeys
  3 bombardier beetles
  A hound (D:5)
  5 orc priests
  A sleepcap (D:8)
  A scorpion zombie (D:4)
  2 iguanas
  8 orc wizards
  Natasha (thrice) (D:3)
  A hound skeleton (D:4)
  7 gnolls
  4 adders
  A shadow imp (D:5)
  An adder zombie (D:4)
  2 dart slugs
  3 ribbon worms
  26 orcs
  7 ball pythons
  6 endoplasms
  3 giant cockroaches
  17 goblins
  12 hobgoblins
  7 jackals
  7 kobolds
  3 quokkas
  5 bats
  3 frilled lizards
  An orc zombie (D:11)
  6 rats
  A spectral orc (D:12)
  A butterfly (Lair:2)
301 creatures vanquished.

Vanquished Creatures (others)
  A hydra zombie (Lair:3)
  3 cane toad zombies (Lair:2)
  A cyclops zombie (D:11)
  2 water moccasin zombies
  3 yak zombies (D:10)
  2 wolf zombies
  A bullfrog zombie (Lair:2)
  3 killer bee zombies (D:11)
  An acid dragon zombie (D:11)
  8 orc zombies
  A bombardier beetle zombie (D:7)
  A kobold zombie (D:7)
  3 blazeheart cores
30 creatures vanquished.

Grand Total: 354 creatures vanquished

Notes
Turn   | Place    | Note
-------+----------+-------------------------------------------
     0 | D:1      | spaghetti the Felid Summoner began the quest for the Orb.
     0 | D:1      | Reached XP level 1. HP: 9/9 MP: 4/4
   427 | D:1      | Found a faded altar of an unknown god.
   557 | D:1      | Reached XP level 2. HP: 13/13 MP: 3/6
   560 | D:1      | Learned a level 2 spell: Call Imp
  1997 | D:2      | Reached XP level 3. HP: 16/16 MP: 4/8
  2001 | D:2      | Learned a level 3 spell: Call Canine Familiar
  2290 | D:2      | Found a bloodstained altar of Trog.
  2735 | D:2      | Found Pap Ocak's Armour Shop.
  3374 | D:3      | Found a sparkling altar of Nemelex Xobeh.
  3485 | D:3      | Reached XP level 4. HP: 21/21 MP: 3/9
  3485 | D:3      | Gained a life (2 lives remaining)
  3642 | D:3      | Reached skill level 5 in Summonings
  3702 | D:3      | Found Zin's Purification Station.
  3702 | D:3      | Found a glowing silver altar of Zin.
  3771 | D:3      | Noticed Natasha
  3781 | D:3      | Killed Natasha
  3841 | D:3      | Reached XP level 5. HP: 23/24 MP: 2/11
  3973 | D:3      | Noticed Natasha
  3981 | D:3      | Killed Natasha
  3987 | D:3      | Learned a level 4 spell: Summon Blazeheart Golem
  4381 | D:3      | Noticed Natasha
  4388 | D:3      | Killed Natasha
  4897 | D:4      | Gained mutation: You are covered in thick fur. (AC +2)
                  | [Felid growth]
  4897 | D:4      | Reached XP level 6. HP: 28/28 MP: 6/13
  5379 | D:4      | Reached skill level 5 in Spellcasting
  5889 | D:4      | Gained mutation: Your mind is acute. (Int +4, Str/Dex -1)
                  | [potion of mutation]
  6004 | D:4      | Reached XP level 7. HP: 32/32 MP: 4/15
  6196 | D:4      | Found a broken altar of Ashenzari.
  6617 | D:3      | Noticed Terence
  6620 | D:3      | Noticed a nameless horror
  6766 | D:3      | Killed a nameless horror
  6907 | D:3      | Noticed a nameless horror
  7090 | D:5      | Entered Level 5 of the Dungeon
  7916 | D:5      | Found a stormy altar of Qazlal.
  8083 | D:5      | Learned a level 4 spell: Summon Lightning Spire
  8380 | D:6      | Found a staircase to the Ecumenical Temple.
  8474 | D:6      | Reached XP level 8. HP: 36/36 MP: 10/18
  8493 | Temple   | Entered the Ecumenical Temple
  8542 | Temple   | Became a worshipper of Kikubaaqudgha
  8623 | D:6      | Noticed Duvessa
  8629 | D:6      | Noticed Dowan
  8632 | D:6      | Reached skill level 1 in Air Magic
  8634 | D:6      | Killed Duvessa
  8643 | D:6      | Killed Dowan
  9163 | D:6      | Reached skill level 5 in Air Magic
  9271 | D:6      | Reached skill level 1 in Fighting
  9404 | D:6      | Found a shimmering blue altar of Sif Muna.
  9601 | D:6      | Found a radiant altar of Vehumet.
  9826 | D:6      | Reached XP level 9. HP: 37/42 MP: 3/19
 10454 | D:8      | Reached skill level 5 in Stealth
 10511 | D:8      | Noticed Prince Ribbit
 10528 | D:8      | Killed Prince Ribbit
 10529 | D:8      | Reached skill level 5 in Dodging
 10619 | D:8      | Reached * piety under Kikubaaqudgha
 10619 | D:8      | Received a gift from Kikubaaqudgha
 10836 | D:8      | Learned a level 4 spell: Animate Dead
 10884 | D:8      | Reached skill level 1 in Necromancy
 11039 | D:8      | Noticed a two-headed ogre
 11145 | D:8      | Killed a two-headed ogre
 11638 | D:8      | Identified the +1 robe of the Catamount {rElec rF- Str+3
                  | Archmagi}
 11690 | D:8      | Reached XP level 10. HP: 51/51 MP: 11/20
 11699 | D:8      | Reached skill level 5 in Fighting
 12055 | D:8      | Found a staircase to the Lair.
 12878 | Lair:1   | Entered Level 1 of the Lair of Beasts
 13072 | Lair:1   | Found a hide-covered altar of Uskayaw.
 13155 | Lair:1   | Noticed a cane toad
 13167 | Lair:1   | Killed a cane toad
 13301 | Lair:1   | Noticed a cane toad
 13515 | Lair:1   | Reached ** piety under Kikubaaqudgha
 13624 | Lair:1   | Reached skill level 5 in Necromancy
 13633 | Lair:1   | Killed a cane toad
 13791 | D:9      | Noticed Joseph
 13803 | D:9      | Killed Joseph
 13804 | D:9      | Reached skill level 10 in Stealth
 13905 | D:9      | Noticed a two-headed ogre
 13937 | D:9      | Killed a two-headed ogre
 13938 | D:9      | Reached XP level 11. HP: 58/58 MP: 5/21
 16063 | D:7      | Found a hazy altar of Hepliaklqana.
 16126 | D:7      | Reached skill level 10 in Dodging
 16701 | D:7      | Noticed Jeremiah
 17308 | D:7      | Found Amaux's Magic Scroll Shop.
 17630 | D:7      | Killed Jeremiah
 17687 | D:10     | Entered Level 10 of the Dungeon
 17859 | D:10     | Reached *** piety under Kikubaaqudgha
 17859 | D:10     | Received a gift from Kikubaaqudgha
 19096 | D:8      | Learned a level 6 spell: Death Channel
 20113 | Lair:1   | Found a runed translucent door.
 20114 | Lair:1   | Noticed Gupteb's ghost (journeyman NaSh)
 20323 | Lair:2   | Noticed a catoblepas
 20331 | Lair:2   | Reached **** piety under Kikubaaqudgha
 20356 | Lair:2   | Killed a catoblepas
 20357 | Lair:2   | Gained mutation: Your thick and shaggy fur keeps you warm.
                  | (AC +3, rC+) [Felid growth]
 20357 | Lair:2   | Reached XP level 12. HP: 55/66 MP: 5/24
 20622 | Lair:2   | Found a staircase to the Shoals.
 21496 | Lair:2   | Found a hole to the Spider Nest.
 21614 | Lair:2   | Got Ykluol's Guide on Arcane Weapons
 22528 | D:11     | Found a shadowy altar of Dithmenos.
 22697 | D:11     | Reached skill level 10 in Fighting
 22795 | D:11     | Noticed a two-headed ogre
 22819 | D:11     | Killed a two-headed ogre
 23031 | D:11     | Found a staircase to the Orcish Mines.
 23054 | D:11     | Noticed a two-headed ogre
 23073 | D:11     | Killed a two-headed ogre
 23248 | D:11     | Noticed a boulder beetle
 23314 | D:11     | Killed a boulder beetle
 23868 | D:12     | Found a basalt altar of Yredelemnul.
 24121 | D:12     | Reached skill level 10 in Necromancy
 24333 | D:12     | Noticed a centaur warrior
 24353 | D:12     | Noticed Sonja
 24354 | D:12     | HP: 1/67 [slime creature (19)]
 24363 | D:12     | Noticed a centaur warrior
 24901 | Lair:3   | Found a blossoming altar of Fedhas.
 25029 | Lair:3   | Noticed an eight-headed hydra
 25037 | Lair:3   | Killed an eight-headed hydra
 25229 | Lair:3   | Identified a scroll of acquirement
 25234 | Lair:3   | Acquired 455 gold pieces
 25345 | Lair:3   | Learned a level 7 spell: Haunt
 25606 | Lair:3   | Killed from afar by an electric eel
 25606 | Lair:3   | Lost a life (1 life remaining)
 25968 | Temple   | Fell from the grace of Kikubaaqudgha
 25968 | Temple   | Became a worshipper of Gozag Ym Sagoz the Greedy
 26101 | D:12     | Shot with an arrow by a centaur warrior
 26101 | D:12     | Lost a life (0 lives remaining)
 26107 | D:12     | Learned a level 4 spell: Anguish
 26140 | D:12     | Shot with an arrow by a centaur warrior

Illustrated notes

Levels and vault maps discovered:
D:1:      roadster_arrival_rocket_small, layout_basic,
          ebering_ecumenical_altar_hall
D:2:      layout_loops_ring, serial_shops, nicolae_shop_pleasant_corner_grove,
          basic_altar, chequers_serial_rivers_micro_d
D:3:      minmay_goblin_kobold_castle, layout_loops_cross, zin_purify,
          mainiacjoe_overflow_alcove_2, minmay_misc_feat_room, uniq_natasha,
          uniq_terence, uniq_ijyb
D:4:      layout_gridville, kennysheep_mini, serial_undead, serial_undead_b,
          serial_undead_e, serial_undead_f, serial_undead_b, nicolae_the_louvre
D:5:      layout_basic, grunt_qazlal_clouds, serial_corexii_hall,
          corexii_hall_statues_u, corexii_hall_statues_l,
          chequers_hall_statues_wall_a, chequers_hall_statues_wall_a,
          corner_web_ring
D:6:      layout_cave_pools, mainiacjoe_overflow_alcove_1,
          kennysheep_orc_sif_temple, minmay_temple_entry_statues_fountains,
          blue_anna_alchemist, nicolae_houndstooth_variations, uniq_duvessa
D:7:      layout_basic, nicolae_hepliaklqana_hippocampus, serial_shops,
          nicolae_shop_temple_entry_statues_fountains, uniq_jeremiah
D:8:      layout_basic, minmay_lair_entry_grove, glass_columns_a,
          uniq_prince_ribbit1
D:9:      layout_gridville, serial_co_window_serial, co_window_corner_a,
          co_window_paths_a, co_window_paths_a, co_window_paths_a,
          co_window_corner_a, co_window_corner_a, co_window_of_opportunity_b,
          co_window_corner_cb, co_window_corner_b, co_window_broadway_c,
          co_window_2corner, uniq_joseph
D:10:     layout_cave_pods, minmay_misc_feat_hallway, nicolae_nh_ransacked_shop
D:11:     layout_long_grid, david_orc_2,
          nicolae_dithmenos_through_a_glass_darkly
D:12:     layout_long_grid, chequers_serial_rivers_micro_a,
          yredelemnul_forgotten_temple_becter, uniq_sonja
Temple:   regret_index_temple_waves
Lair:1:   layout_hall_layers, basic_altar, ebering_ghost_reflecting_pool,
          grunt_forest_large_clearings, infiniplex_staircase_pool_2,
          grunt_megastairs_2
Lair:2:   layout_cave_pods, elwin_shoals_entry_rocks,
          nicolae_spider_entry_tight_spaces, lemuel_fruit_fields
Lair:3:   layout_concentric_octagons, serial_bayou_ford_a, lemuel_centaur_altar,
          serial_bayou_shore_a, serial_bayou_shore_b, serial_bayou_shore_b
Lair:4:   layout_gridlike, portal_ice_cave_entry_ice_simulacra

Skill      XL: |  1  2  3  4  5  6  7  8  9 10 11 12 |
---------------+-------------------------------------+-----
Spellcasting   | 3 4 5 6 7 9 |  9.4
Summonings     | 5 6 7 |  7.8
Air Magic      | 5 |  5.0
Fighting       | 2 4 6 9 10 | 10.0
Dodging        | 4 7 9 10 | 10.0
Stealth        | 4 7 10 | 10.0
Necromancy     | 3 5 8 10 | 10.4

Action                     |  1- 3 |  4- 6 |  7- 9 | 10-12 || total
---------------------------+-------+-------+-------+-------++-------
  Melee: Unarmed           |    13 |    12 |    13 |    65 ||   103
         Bite              |     1 |     2 |     1 |    16 ||    20
         Punch             |       |       |       |     1 ||     1
   Cast: Summon Small Mamm |    64 |    46 |    75 |   142 ||   327
         Call Imp          |    31 |    29 |    44 |    93 ||   197
         Call Canine Famil |    12 |    21 |    39 |    78 ||   150
         Summon Blazeheart |       |     5 |    10 |    14 ||    29
         Summon Lightning  |       |       |    26 |   100 ||   126
         Animate Dead      |       |       |     1 |    29 ||    30
         Death Channel     |       |       |       |    11 ||    11
         Anguish           |       |       |       |     2 ||     2
    Use: Scroll            |       |     9 |     1 |    16 ||    26
         Potion            |       |     3 |       |     6 ||     9
   Stab: Sleeping          |     1 |       |       |       ||     1
         Distracted        |       |     1 |     1 |     5 ||     7
 Armour: Skin              |    11 |    24 |    22 |    90 ||   147
  Dodge: Dodged            |    27 |    37 |    51 |   200 ||   315
